 Dungeon Crawl Stone Soup version 0.23.2 (webtiles) character file.

Game seed: 9606719595052768186

1500 Leeroy the Ducker (level 8, -4/68 HPs)
             Began as a Grey Draconian Conjurer on Apr 13, 2019.
             Was a Priest of Elyvilon.
             Slain by a killer bee (7 damage)
             ... on level 7 of the Dungeon.
             The game lasted 00:23:50 (6206 turns).

Leeroy the Ducker (Grey Draconian Conjurer)         Turns: 6206, Time: 00:23:51

Health: -4/68      AC: 12    Str: 11    XL:     8   Next: 52%
Magic:  5/15       EV: 15    Int: 18    God:    Elyvilon [***...]
Gold:   308        SH:  0    Dex: 11    Spells: 3/17 levels left

rFire    . . .     SeeInvis .   j - +3 short sword (speed)
rCold    . . .     Gourm    .   (no shield)
rNeg     . . .     Faith    .   (armour unavailable)
rPois    .         Spirit   .   (helmet restricted)
rElec    .         Reflect  .   M - +0 cloak
rCorr    .         Harm     .   (no gloves)
MR       .....                  (no boots)
Stlth    ++........             (no amulet)
HPRegen  0.21/turn              (no ring)
MPRegen  0.14/turn              (no ring)

@: no status effects
A: walk through water, unfitting armour, unbreathing, cold-blooded, AC +11
a: Lesser Healing, Heal Other, Purification, Divine Protection, Renounce
Religion


You were on level 7 of the Dungeon.
You worshipped Elyvilon.
Elyvilon was most pleased with you.
You were not hungry.

You visited 2 branches of the dungeon, and saw 8 of its levels.

You collected 308 gold pieces.

Inventory:

Hand Weapons
 a - a +0 spear
 e - a +0 club
 g - a +0 dagger
 j - a +3 short sword of speed (weapon)
 k - a +0 short sword
 w - a +0 long sword
 A - a +0 long sword
 C - a +0 war axe
 D - a cursed -1 rapier
 F - a +0 scimitar
 H - a +6 flail of protection
 J - a +0 dagger of speed
 L - a +2 quarterstaff of chaos
 O - a +2 flail of protection
Missiles
 q - 71 arrows
 r - 117 stones (quivered)
 t - 81 bolts
 R - a throwing net
Armour
 M - a +0 cloak (worn)
Jewellery
 s - an uncursed amulet of faith {unknown}
 E - an uncursed ring of stealth {unknown}
Wands
 P - a wand of polymorph (10)
Scrolls
 c - a scroll of enchant weapon
 h - 7 scrolls of identify {unknown}
 i - a scroll of teleportation {unknown}
 o - 3 scrolls of amnesia {unknown}
 p - 3 scrolls of enchant armour {unknown}
 u - 8 scrolls of remove curse {unknown}
 v - 4 scrolls of magic mapping {unknown}
 y - a scroll of random uselessness {unknown}
 N - a scroll of fog {unknown}
 T - a scroll of noise {unknown}
Potions
 d - a potion of might
 f - 2 potions of haste {unknown}
 l - a potion of flight {unknown}
 m - a potion of lignification
 n - a potion of mutation {unknown}
 x - a potion of degeneration {unknown}
 G - a potion of cancellation
 I - a potion of agility {unknown}
 K - a potion of magic {unknown}
 Q - a potion of invisibility {unknown}
Comestibles
 b - 6 rations
 S - 2 chunks of flesh


   Skills:
 - Level 5.0 Fighting
 - Level 2.2 Short Blades
 + Level 6.6 Dodging
 - Level 1.7 Stealth
 - Level 5.0 Spellcasting
 - Level 5.0 Conjurations
 - Level 0.2 Hexes


You had 3 spell levels left.
You knew the following spells:

 Your Spells              Type           Power        Failure   Level  Hunger
a - Magic Dart            Conj           ###.         1%          1    None
b - Searing Ray           Conj           ###...       2%          2    #......
c - Dazzling Spray        Conj/Hex       ##....       14%         3    ##.....
d - Iskenderun's Mystic   Conj           ###.....     17%         4    ####...
e - Fulminant Prism       Conj/Hex       ##........   41%         4    ####...

Your spell library contained the following spells:

 Spells                   Type           Power        Failure   Level  Hunger
 Force Lance              Conj/Tloc      ##......     43%         4    ####...


Dungeon Overview and Level Annotations

Branches:
Dungeon (7/15)             Temple (1/1) D:7

Altars:
Ashenzari
Cheibriados
Dithmenos
Elyvilon
Gozag
Hepliaklqana
Kikubaaqudgha
Makhleb
Nemelex Xobeh
Okawaru
Ru
Sif Muna
Trog
Uskayaw
Vehumet
Wu Jian
Xom
Yredelemnul
Zin
The Shining One

Shops:
D:5 ?   D:6 :


Innate Abilities, Weirdness & Mutations

You can walk through water.
Your dull iron-grey scales are very hard. (AC +11)
You cannot fit into any form of body armour.
You can survive without breathing.
You are cold-blooded and may be slowed by cold attacks.


Message History

Wield which item (- for none, * to show all)? (? for menu, Esc to quit)
Your +6 flail of protection goes still.
Your hands tingle!
j - a +3 short sword of speed (weapon)
The killer bee closely misses you. The killer bee misses you.
The killer bee closely misses you.
The killer bee stings you but does no damage.
Things that are here:
a worker ant corpse; a hound corpse The killer bee misses you.
The killer bee misses you. The killer bee stings you.
* * * LOW HITPOINT WARNING * * *
The killer bee completely misses you. The killer bee closely misses you.
The killer bee barely misses you. The killer bee misses you. x2
The killer bee stings you but does no damage.
The killer bee closely misses you. The killer bee barely misses you. x2
There is a stone staircase leading down here.
The killer bee barely misses you. The killer bee stings you!
You die...

..........##†....#
.................#
.........#..###
.......h##....###
......hg........#
..............###
#.........H..##
###..###yy####
...###..@#
....##....###
...#.........# #.#Z
...#...#.....#
#...####.##........###
.......##............#
..#....#.....##.....##
.............###.####
.............))..<>#


You could see a hippogriff, 2 killer bees, a gnoll and 2 jackals.

Vanquished Creatures
  Edmund (D:4)
  A centaur (D:4)
  3 bullfrogs
  A water moccasin zombie (D:3)
  A scorpion (D:7)
  2 killer bees (D:7)
  A vampire bat (D:6)
  A howler monkey (D:7)
  A centaur zombie (D:7)
  3 hounds
  A centaur skeleton (D:4)
  2 orc priests
  A bullfrog skeleton (D:2)
  Crazy Yiuf (D:5)
  Jessica (D:2)
  Ijyb (D:3)
  Terence (D:2)
  An iguana (D:4)
  An orc wizard (D:7)
  6 worker ants
  A killer bee zombie (D:5)
  A hound zombie (D:5)
  9 adders
  4 gnolls
  An ooze (D:2)
  4 worms
  5 leopard geckos
  12 orcs
  15 bats
  5 giant cockroaches
  12 goblins
  12 hobgoblins
  19 jackals
  9 kobolds
  2 quokkas (D:6)
  A ball python (D:4)
  4 frilled lizards
  2 giant cockroach zombies
  2 leopard gecko skeletons
  6 rats
157 creatures vanquished.

Notes
Turn   | Place    | Note
-------+----------+-------------------------------------------
     0 | D:1      | Leeroy the Draconian Conjurer began the quest for the Orb.
     0 | D:1      | Reached XP level 1. HP: 14/14 MP: 3/3
    91 | D:1      | Reached XP level 2. HP: 10/20 MP: 0/5
    95 | D:1      | Learned a level 2 spell: Searing Ray
   507 | D:1      | Reached skill level 5 in Conjurations
   521 | D:1      | Reached XP level 3. HP: 19/26 MP: 6/6
   842 | D:1      | Reached skill level 1 in Short Blades
  1117 | D:1      | Learned a level 3 spell: Dazzling Spray
  1213 | D:1      | Reached XP level 4. HP: 7/33 MP: 0/7
  1420 | D:1      | Reached skill level 2 in Dodging
  1548 | D:2      | Reached skill level 1 in Fighting
  1560 | D:2      | Reached XP level 5. HP: 18/41 MP: 8/8
  1657 | D:2      | Noticed Terence
  1702 | D:2      | Killed Terence
  2072 | D:2      | Noticed Jessica
  2084 | D:2      | Killed Jessica
  2100 | D:2      | Found an opulent altar of Gozag.
  2149 | D:2      | Reached XP level 6. HP: 48/48 MP: 2/11
  2897 | D:3      | Noticed Ijyb
  2915 | D:3      | Paralysed by Ijyb for 4 turns
  2922 | D:3      | Paralysed by Ijyb for 6 turns
  2935 | D:3      | Killed Ijyb
  2999 | D:3      | Found a white marble altar of Elyvilon.
  3276 | D:3      | Reached skill level 5 in Spellcasting
  3297 | D:3      | Became a worshipper of Elyvilon the Healer
  3454 | D:3      | Found a glowing silver altar of Zin.
  3454 | D:3      | Found a snail-covered altar of Cheibriados.
  3643 | D:4      | Reached * piety under Elyvilon
  3661 | D:4      | Your scales start taking on a dull iron-grey colour.
  3661 | D:4      | Reached XP level 7. HP: 40/57 MP: 14/14
  3661 | D:4      | Gained mutation: You can survive without breathing. [Grey
                  | Draconian growth]
  3735 | D:4      | Noticed Edmund
  3764 | D:4      | Killed Edmund
  3764 | D:4      | Reached skill level 5 in Fighting
  3974 | D:5      | Entered Level 5 of the Dungeon
  4399 | D:5      | Reached ** piety under Elyvilon
  4440 | D:5      | Found Owna's Magic Scroll Shop.
  4669 | D:5      | Found a runed translucent door.
  4670 | D:5      | Noticed Crazy Yiuf
  4861 | D:5      | Killed Crazy Yiuf
  5020 | D:6      | Reached skill level 3 in Dodging
  5296 | D:6      | Found Xinysk Kydai's Book Boutique.
  5356 | D:6      | Reached skill level 4 in Dodging
  5895 | D:7      | Reached *** piety under Elyvilon
  5914 | D:7      | Reached XP level 8. HP: 61/68 MP: 15/15
  5920 | D:7      | Learned a level 4 spell: Iskenderun's Mystic Blast
  5933 | D:7      | Learned a level 4 spell: Fulminant Prism
  5955 | D:7      | Found a shattered altar of Ashenzari.
  5969 | D:7      | Found a staircase to the Ecumenical Temple.
  6002 | Temple   | Entered the Ecumenical Temple
  6040 | D:7      | Reached skill level 5 in Dodging
  6138 | D:7      | Reached skill level 6 in Dodging
  6150 | D:7      | Noticed a hippogriff
  6180 | D:7      | HP: 4/102 [killer bee (2)]
  6186 | D:7      | HP: 5/102 [killer bee (1)]
  6187 | D:7      | HP: 1/102 [killer bee (4)]
  6199 | D:7      | HP: 2/68 [killer bee (4)]
  6206 | D:7      | Slain by a killer bee

Skill      XL: |  1  2  3  4  5  6  7  8 |
---------------+-------------------------+-----
Conjurations   | 5 |  5.0
Short Blades   | 2 |  2.2
Dodging        | 2 4 6 |  6.6
Fighting       | 2 3 5 |  5.0
Spellcasting   | 3 5 |  5.0
Stealth        | |  1.7
Hexes          | |  0.2

Action                   |  1- 3 |  4- 6 |  7- 9 || total
-------------------------+-------+-------+-------++-------
Melee: Unarmed           |    31 |       |       ||    31
       Tailslap          |    10 |    26 |    26 ||    62
       Dagger            |    41 |       |       ||    41
       Club              |    12 |       |       ||    12
       Short sword       |    45 |   229 |   255 ||   529
       Flail             |       |       |     9 ||     9
Throw: Stone             |       |     7 |       ||     7
 Cast: Magic Dart        |    25 |    27 |     4 ||    56
       Searing Ray       |     3 |    10 |     7 ||    20
       Dazzling Spray    |     1 |     8 |     6 ||    15
  Use: Potion            |       |       |     7 ||     7
       Scroll            |       |       |     1 ||     1
 Stab: Invisible         |       |     2 |       ||     2
       Sleeping          |       |     1 |     4 ||     5
  Eat: Chunk             |     1 |    10 |     5 ||    16
       Ration            |       |       |     1 ||     1
Armor: Skin              |    41 |    59 |   143 ||   243
Dodge: Dodged            |   120 |   117 |   219 ||   456
